 Dungeon Crawl Stone Soup version 0.18.1-6-gd335043 (webtiles) character file.

26908 Mefis the Thaumaturge (level 13, -7/63 HPs)
             Began as a Deep Elf Wizard on May 17, 2016.
             Was a High Priest of Sif Muna.
             Killed from afar by a deep elf mage (19 damage)
             ... with a stone arrow
             ... on level 11 of the Dungeon.
             The game lasted 01:14:39 (19435 turns).

Mefis the Thaumaturge (Deep Elf Wizard)            Turns: 19435, Time: 01:14:40

Health: -7/63      AC: 11    Str:  4    XL:     13   Next: 1%
Magic:  5/32       EV: 22    Int: 34    God:    Sif Muna [*****.]
Gold:   196        SH:  5    Dex: 18    Spells: 11 memorised, 2 levels left

rFire  . . .     SeeInvis +     X - +5 scimitar (flame)
rCold  . . .     Gourm    .     k - +3 leather armour
rNeg   . . .     Faith    .     K - +0 buckler
rPois  .         Spirit   .     v - +0 helmet
rElec  +         Dismiss  .     B - +2 cloak
rCorr  .         Reflect  .     y - +0 pair of gloves
SustAt .         Harm     .     (no boots)
MR     +....                    (no amulet)
Stlth  +++++.....               R - ring "Ystrikh" {rElec Slay+5 SInv}
                                (no ring)

@: brilliant, agile, somewhat resistant to hostile enchantments, quite stealthy
A: no striking features
a: Channel Energy, Forget Spell, Renounce Religion


You were on level 11 of the Dungeon.
You worshipped Sif Muna.
Sif Muna was extremely pleased with you.
You were hungry.

You visited 3 branches of the dungeon, and saw 13 of its levels.

You collected 633 gold pieces.
You spent 437 gold pieces at shops.

Inventory:

Hand Weapons
 X - a +5 scimitar of flaming (weapon)
Armour
 k - a +3 leather armour (worn)
 v - a +0 helmet (worn)
 y - a +0 pair of gloves (worn)
 B - a +2 cloak (worn)
 K - a +0 buckler (worn)
Magical Staves
 h - an uncursed staff of cold
Jewellery
 R - the ring "Ystrikh" (right hand) {rElec Slay+5 SInv}
   (You found it on level 8 of the Dungeon)

   [ring of see invisible]

   It affects your accuracy and damage with ranged weapons and melee attacks
   (+5).
   It insulates you from electricity.
   It lets you see invisible.
Wands
 z - a wand of heal wounds (7/9)
 M - a wand of polymorph (15/24)
Scrolls
 a - a scroll of magic mapping
 j - 3 scrolls of fear
 s - 2 scrolls of blinking
 u - 2 scrolls of remove curse
 C - 3 scrolls of fog
Potions
 g - 3 potions of curing
 o - 3 potions of brilliance
 p - a potion of agility
 J - a potion of might
 L - 2 potions of heal wounds
Books
 b - Sif Muna's Tome of Toxins and Bewitchment
   (Sif Muna gifted it to you on level 11 of the Dungeon)

   Spells                             Type                      Level
   a - Ensorcelled Hibernation        Hexes/Ice                    2
   b - Tukima's Dance                 Hexes                        3
   c - Venom Bolt                     Conjuration/Poison           5
   d - Summon Mana Viper              Hexes/Summoning              5
   e - Silence                        Hexes/Air                    5
   f - Invisibility                   Hexes                        6
 c - a book of Minor Magic

   Spells                             Type                      Level
   a - Magic Dart                     Conjuration                  1
   b - Blink                          Translocation                2
   c - Call Imp                       Summoning                    2
   d - Repel Missiles                 Charms/Air                   2
   e - Slow                           Hexes                        2
   f - Conjure Flame                  Conjuration/Fire             3
   g - Mephitic Cloud                 Conjuration/Poison/Air       3
 r - a book of Flames

   Spells                             Type                      Level
   a - Flame Tongue                   Conjuration/Fire             1
   b - Throw Flame                    Conjuration/Fire             2
   c - Conjure Flame                  Conjuration/Fire             3
   d - Inner Flame                    Hexes/Fire                   3
   e - Sticky Flame                   Conjuration/Fire             4
   f - Fireball                       Conjuration/Fire             5
 I - a book of Enchantments

   Spells                             Type                      Level
   a - Cause Fear                     Hexes                        4
   b - Yara's Violent Unravelling     Hexes/Transmutation          5
   c - Silence                        Hexes/Air                    5
   d - Deflect Missiles               Charms/Air                   6
   e - Haste                          Charms                       6
   f - Discord                        Hexes                        8
 S - a book of the Warp

   Spells                             Type                      Level
   a - Recall                         Summoning/Translocation      3
   b - Gell's Gravitas                Hexes/Translocation          3
   c - Force Lance                    Conjuration/Translocation    4
   d - Warp Weapon                    Charms/Translocation         5
   e - Summon Forest                  Summoning/Translocation      5
Miscellaneous
 e - a phial of floods (inert)
 Q - a fan of gales (inert)
Comestibles
 d - 3 bread rations
 f - 26 fruits
 l - 3 meat rations
 m - 4 beef jerkies


   Skills:
 + Level 3.0 Armour
 + Level 8.6 Dodging
 - Level 7.6 Stealth
 + Level 3.4 Shields
 * Level 13.3 Spellcasting
 * Level 6.7 Conjurations
 + Level 9.0 Hexes
 * Level 7.4 Charms
 - Level 5.5 Summonings
 + Level 7.4 Translocations
 + Level 1.3 Fire Magic
 - Level 0.2 Air Magic
 + Level 5.9 Poison Magic
 + Level 5.5 Invocations


You had 2 spell levels left.
You knew the following spells:

 Your Spells              Type           Power        Failure   Level  Hunger
a - Magic Dart            Conj           ####         1%          1    None
c - Blink                 Tloc           N/A          1%          2    None
d - Venom Bolt            Conj/Pois      ######....   1%          5    None
e - Mephitic Cloud        Conj/Pois/Air  ######..     1%          3    None
f - Fireball              Conj/Fire      ######....   2%          5    None
g - Slow                  Hex            #######.     1%          2    None
h - Cause Fear            Hex            #######...   1%          4    None
n - Summon Forest         Summ/Tloc      ######....   1%          5    None
p - Repel Missiles        Chrm/Air       ######       1%          2    None
s - Force Lance           Conj/Tloc      ######..     1%          4    None
F - Conjure Flame         Conj/Fire      ######..     1%          3    None


Dungeon Overview and Level Annotations

Branches:
Dungeon (11/15)            Temple (1/1) D:7            Lair (1/8) D:11
    Orc (0/2) D:11

Altars:
Ashenzari
Cheibriados
Dithmenos
Elyvilon
Fedhas
Gozag
Kikubaaqudgha
Makhleb
Nemelex Xobeh
Okawaru
Pakellas
Qazlal
Ru
Sif Muna
Trog
Vehumet
Xom
Yredelemnul
Zin
The Shining One

Shops:
D:5 *%?   D:8 *:?[

Annotations:
D:3 ThereIsNoGod's ghost, amateur GrFi
D:4 Bubs's ghost, amateur FoFi
D:10 4 runed doors


Message History

The orange demon disappears in a puff of smoke!
The soul eater draws from the surrounding life force!
The ice devil hits you. The ice devil freezes you!
Casting: Force Lance
Confirm with . or Enter, or press ? or * to list all spells.
You blink.
An orc sorcerer comes into view. It is wielding a dagger.
The orc sorcerer shouts!
A deep elf mage comes into view. It is wielding a long sword.
The deep elf mage seems to regain its courage.
The deep elf mage hits you but does no damage.
The soul eater draws from the surrounding life force!
* * * LOW HITPOINT WARNING * * *
The deep elf mage gestures at you while chanting.
The bolt of negative energy misses you.
An orc sorcerer comes into view.
It is wielding a rapier of electrocution.
The orc sorcerer shouts!
The deep elf mage casts a spell at you. The stone arrow hits you!
You die...

##.......#
#≈.......####
#≈(##.##.#≈≈#
#≈......o'..
#≈.......o..
#≈.##.##.#≈≈
#≈.......#
##..E....#
### #@##.##.#
##.#
#o.E.3..#
#..#
#⌠.ee4.⌠#
#.##
###'#'### #.#
#≈(§[≈# ###.#
#≈[[.≈# #...#
####### #.###
### #### ##.#
#.# .#.#


You could see a soul eater, 2 earth elementals, an ice devil, 2 deep elf magi
and 2 orc sorcerers.

Vanquished Creatures
  An ogre mage (D:10)
  Erica (D:9)
  The ghost of lightmor the Grappler, a novice NaTm of Cheibriados (D:10)
  Pikel (D:7)
  2 hill giants (D:10)
  2 deep elf magi (D:11)
  A centaur zombie (D:10)
  Psyche (D:10)
  4 naga magi (D:11)
  2 centaur skeletons (D:10)
  A tengu conjurer (D:10)
  A wraith (D:11)
  A shadow (D:11)
  A wyvern (D:9)
  A hippogriff (D:10)
  11 yaks
  6 humans (D:7)
  A hungry ghost (D:11)
  Menkaure (D:5)
  2 water moccasins (D:9)
  A porcupine (Lair:1)
  5 phantoms
  2 sky beasts
  A black bear (D:8)
  A necrophage (D:11)
  4 ice beasts
  A slave (D:7)
  2 orc warriors
  2 centaurs
  5 ogres
  A crocodile (D:9)
  3 big kobolds
  6 giant frogs
  A gnoll sergeant (D:6)
  A wyvern zombie (D:6)
  2 jellies
  2 scorpions
  3 water moccasin skeletons
  12 wights
  14 killer bees
  A howler monkey (D:6)
  5 crimson imps
  A giant frog zombie (D:8)
  7 hounds
  9 orc wizards
  5 orc priests
  A giant frog skeleton (D:11)
  Ijyb (D:7)
  An iguana (D:11)
  12 worker ants
  A sheep (D:7)
  3 hound zombies
  A hound skeleton (D:7)
  A howler monkey zombie (D:7)
  A worker ant zombie (D:9)
  6 gnolls (D:6)
  7 adders
  3 shadow imps
  An ooze (D:6)
  6 dart slugs
  8 worms
  12 giant geckos
  42 orcs
  14 bats
  5 giant cockroaches
  7 goblins
  9 hobgoblins
  15 jackals
  15 kobolds
  4 quokkas
  3 ball pythons
  2 giant gecko skeletons (D:5)
  4 giant newts
  2 jackal skeletons
  A quokka zombie (D:5)
  14 rats
341 creatures vanquished.

Vanquished Creatures (collateral kills)
  A vampire mage (D:11)
  2 deep elf magi (D:11)
  An orc wizard (D:7)
  A shadow imp (D:10)
  An orc (D:4)
  A quokka (D:4)
7 creatures vanquished.

Vanquished Creatures (others)
  2 slaves (D:7)
  A giant frog (D:7)
  An orc (D:7)
  A quokka (D:5)
  144 snaplasher vine segments (D:11)
149 creatures vanquished.

Grand Total: 497 creatures vanquished

Notes
Turn   | Place    | Note
--------------------------------------------------------------
     0 | D:1      | Mefis the Deep Elf Wizard began the quest for the Orb.
     0 | D:1      | Reached XP level 1. HP: 10/10 MP: 7/7
   188 | D:1      | Reached XP level 2. HP: 15/15 MP: 2/9
   766 | D:1      | Learned a level 2 spell: Call Imp
   769 | D:1      | Learned a level 2 spell: Blink
   772 | D:1      | Learned a level 2 spell: Repel Missiles
   934 | D:1      | Reached XP level 3. HP: 19/19 MP: 7/11
   939 | D:1      | Learned a level 3 spell: Mephitic Cloud
  1805 | D:2      | Reached skill level 5 in Spellcasting
  1889 | D:2      | Reached XP level 4. HP: 24/24 MP: 8/13
  2026 | D:2      | Learned a level 3 spell: Conjure Flame
  3161 | D:3      | Found an iron altar of Okawaru.
  3402 | D:3      | Noticed ThereIsNoGod's ghost (amateur GrFi)
  3605 | D:3      | Found a sparkling altar of Nemelex Xobeh.
  3840 | D:3      | Reached skill level 1 in Poison Magic
  3883 | D:3      | Reached XP level 5. HP: 28/28 MP: 11/14
  4222 | D:5      | Entered Level 5 of the Dungeon
  5093 | D:4      | Noticed a phantom
  5109 | D:4      | Killed a phantom
  5109 | D:4      | Reached XP level 6. HP: 23/32 MP: 0/16
  5535 | D:4      | Noticed Bubs's ghost (amateur FoFi)
  6024 | D:4      | Found a snail-covered altar of Cheibriados.
  6280 | D:5      | Found Ucseente's Assorted Antiques.
  6319 | D:5      | Found Besurash's Food Shop.
  6362 | D:5      | Found Hioqih's Magic Scroll Boutique.
  6377 | D:5      | Bought a scroll of identify for 22 gold pieces
  6377 | D:5      | Bought a scroll of fear for 38 gold pieces
  6377 | D:5      | Bought a scroll of identify for 22 gold pieces
  6377 | D:5      | Bought a scroll of remove curse for 33 gold pieces
  6377 | D:5      | Bought a scroll of amnesia for 38 gold pieces
  6377 | D:5      | Bought a scroll of identify for 22 gold pieces
  6377 | D:5      | Bought a scroll of fear for 38 gold pieces
  6377 | D:5      | Bought a scroll of identify for 22 gold pieces
  6399 | D:5      | Found a white marble altar of Elyvilon.
  6454 | D:5      | Reached skill level 5 in Stealth
  6454 | D:5      | Reached XP level 7. HP: 26/36 MP: 10/17
  6666 | D:5      | Reached skill level 6 in Spellcasting
  6762 | D:5      | Noticed Menkaure
  6772 | D:5      | Killed Menkaure
  6772 | D:5      | Reached skill level 5 in Conjurations
  6912 | D:5      | Learned a level 2 spell: Slow
  7429 | D:5      | Reached skill level 1 in Hexes
  7703 | D:5      | Reached XP level 8. HP: 23/41 MP: 5/19
  8092 | D:6      | Reached skill level 7 in Spellcasting
  8431 | D:6      | Reached skill level 5 in Dodging
  8793 | D:6      | Found a bloodstained altar of Trog.
  9260 | D:6      | Found a bloodstained altar of Trog.
  9474 | D:6      | Reached skill level 8 in Spellcasting
  9592 | D:6      | Found a sacrificial altar of Ru.
  9887 | D:7      | Found a staircase to the Ecumenical Temple.
  9939 | Temple   | Entered the Ecumenical Temple
 10148 | Temple   | Became a worshipper of Sif Muna the Loreminder
 10271 | D:7      | Reached XP level 9. HP: 45/45 MP: 10/23
 10273 | D:7      | Noticed Pikel
 10299 | D:7      | Killed Pikel
 10317 | D:7      | Reached * piety under Sif Muna
 10317 | D:7      | Reached skill level 9 in Spellcasting
 10491 | D:7      | Noticed Ijyb
 10497 | D:7      | Reached skill level 5 in Poison Magic
 10514 | D:7      | Killed Ijyb
 10519 | D:7      | Reached skill level 5 in Summonings
 11610 | D:8      | Found a radiant altar of Vehumet.
 11628 | D:8      | Found Labas's Armour Emporium.
 11635 | D:8      | Found Sez Piag's Magic Scroll Shop.
 11648 | D:8      | Bought a scroll of blinking for 90 gold pieces
 11648 | D:8      | Bought a scroll of teleportation for 36 gold pieces
 11648 | D:8      | Bought a scroll of fog for 24 gold pieces
 11648 | D:8      | Bought a scroll of identify for 24 gold pieces
 11650 | D:8      | Found a stormy altar of Qazlal.
 11734 | D:8      | Got a slimy tin ring
 11736 | D:8      | Identified the ring "Ystrikh" {rElec Slay+5 SInv} (You found it on level 8 of the Dungeon)
 11961 | D:8      | Reached ** piety under Sif Muna
 11961 | D:8      | Reached skill level 10 in Spellcasting
 11961 | D:8      | Reached XP level 10. HP: 50/50 MP: 15/26
 12441 | D:8      | Found Qint's Book Boutique.
 12847 | D:8      | Found Feluos's Assorted Antiques.
 12853 | D:8      | Bought a scroll labeled VORGHI GUSTEIFU for 28 gold pieces
 13163 | D:9      | Reached skill level 5 in Hexes
 13163 | D:9      | Reached skill level 1 in Charms
 13163 | D:9      | Reached skill level 1 in Fire Magic
 13376 | D:9      | Learned a level 4 spell: Cause Fear
 13390 | D:9      | Noticed Erica
 13440 | D:9      | Killed Erica
 13440 | D:9      | Reached skill level 1 in Armour
 13440 | D:9      | Reached skill level 1 in Shields
 13440 | D:9      | Reached skill level 1 in Invocations
 13601 | D:9      | Found an oddly glowing altar of Pakellas.
 13603 | D:9      | Found a blossoming altar of Fedhas.
 13606 | D:9      | Found an opulent altar of Gozag.
 13712 | D:9      | Learned a level 4 spell: Force Lance
 14541 | D:9      | Reached *** piety under Sif Muna
 14778 | D:10     | Entered Level 10 of the Dungeon
 14884 | D:10     | Noticed lightmor's ghost (novice NaTm)
 15311 | D:10     | Found a large runed door.
 15311 | D:10     | Found a large runed door.
 15333 | D:10     | Reached skill level 11 in Spellcasting
 15460 | D:10     | Noticed an ogre mage
 15506 | D:10     | Killed an ogre mage
 15644 | D:10     | Found a large runed door.
 15644 | D:10     | Found a large runed door.
 15686 | D:10     | Reached XP level 11. HP: 26/54 MP: 19/28
 15841 | D:10     | Noticed a hill giant
 15863 | D:10     | Killed a hill giant
 16045 | D:10     | Noticed Psyche
 16066 | D:10     | Killed Psyche
 17231 | D:10     | Noticed a hill giant
 17256 | D:10     | Killed a hill giant
 17256 | D:10     | Reached **** piety under Sif Muna
 17354 | D:10     | Killed lightmor's ghost
 18079 | D:10     | Reached skill level 12 in Spellcasting
 18225 | D:11     | Reached skill level 5 in Translocations
 18827 | D:11     | Found a staircase to the Orcish Mines.
 18888 | D:11     | Found a staircase to the Lair.
 18891 | D:11     | Noticed a deep elf mage
 18904 | Lair:1   | Entered Level 1 of the Lair of Beasts
 18933 | Lair:1   | Reached ***** piety under Sif Muna
 18933 | Lair:1   | Reached skill level 13 in Spellcasting
 18933 | Lair:1   | Reached skill level 5 in Invocations
 18933 | Lair:1   | Reached XP level 12. HP: 59/59 MP: 29/31
 18940 | Lair:1   | Learned a level 5 spell: Summon Forest
 18945 | Lair:1   | Learned a level 4 spell: Sticky Flame
 18951 | Lair:1   | Learned a level 5 spell: Fireball
 18983 | D:11     | Noticed a vampire mage
 18990 | D:11     | Killed a vampire mage
 19129 | D:11     | Reached ****** piety under Sif Muna
 19129 | D:11     | Received a gift from Sif Muna
 19130 | D:11     | Identified Sif Muna's Tome of Toxins and Bewitchment (Sif Muna gifted it to you on level 11 of the Dungeon)
 19139 | D:11     | Learned a level 5 spell: Venom Bolt
 19384 | D:11     | Reached XP level 13. HP: 63/63 MP: 16/32
 19435 | D:11     | Killed from afar by a deep elf mage

Skill      XL: |  1  2  3  4  5  6  7  8  9 10 11 12 |
---------------+-------------------------------------+-----
Conjurations   | 2 3 4 5 6 |  6.7
Stealth        | 3 4 5 6 7 |  7.6
Dodging        | 3 4 5 6 7 8 |  8.6
Spellcasting   | 5 6 8 10 11 13 | 13.3
Poison Magic   | 1 2 3 4 5 |  5.9
Summonings     | 2 3 4 5 |  5.5
Hexes          | 1 2 4 6 8 9 |  9.0
Charms         | 3 6 7 |  7.4
Fire Magic     | 1 |  1.3
Armour         | 1 2 3 |  3.0
Shields        | 1 3 |  3.4
Invocations    | 2 5 |  5.5
Translocations | 3 7 |  7.4
Air Magic      | |  0.2

Action                   |  1- 3 |  4- 6 |  7- 9 | 10-12 | 13-15 || total
-------------------------+-------+-------+-------+-------+-------++-------
Melee: Unarmed           |     1 |       |       |       |       ||     1
       Short sword       |     5 |    17 |       |       |       ||    22
       Dagger            |       |       |     3 |       |       ||     3
       Scimitar          |       |       |       |   115 |     1 ||   116
 Fire: Shortbow          |       |       |   129 |       |       ||   129
 Cast: Magic Dart        |    88 |   248 |   339 |   455 |       ||  1130
       Repel Missiles    |     1 |       |       |     1 |       ||     2
       Mephitic Cloud    |       |     6 |    21 |    40 |     2 ||    69
       Call Imp          |       |     3 |       |     6 |       ||     9
       Blink             |       |     2 |     1 |    16 |     1 ||    20
       Conjure Flame     |       |     7 |    15 |    21 |       ||    43
       Slow              |       |       |       |     4 |       ||     4
       Cause Fear        |       |       |       |     4 |       ||     4
       Force Lance       |       |       |       |    42 |     1 ||    43
       Fireball          |       |       |       |     6 |     1 ||     7
       Summon Forest     |       |       |       |     3 |       ||     3
       Venom Bolt        |       |       |       |     2 |     4 ||     6
Invok: Channel Energy    |       |       |       |    50 |     6 ||    56
       Forget Spell      |       |       |       |     2 |       ||     2
Evoke: Wand              |       |       |       |    14 |       ||    14
       Fan of gales      |       |       |       |     1 |       ||     1
       Phial of floods   |       |       |       |     1 |       ||     1
  Use: Scroll            |       |    10 |     2 |     8 |     2 ||    22
       Potion            |       |       |       |     2 |     3 ||     5
 Stab: Sleeping          |     2 |     3 |     1 |     4 |       ||    10
       Confused          |       |     2 |       |     3 |       ||     5
  Eat: Chunk             |     3 |     9 |    13 |     6 |       ||    31
       Bread ration      |       |     1 |     1 |     5 |       ||     7
       Fruit             |       |       |       |     3 |       ||     3
       Pizza             |       |       |       |     1 |       ||     1
Armor: Robe              |     1 |    17 |    25 |    10 |       ||    53
       Leather armour    |       |       |       |    78 |     1 ||    79
Dodge: Dodged            |     9 |    65 |    74 |   157 |    10 ||   315
       Deflected         |       |     1 |     1 |     6 |       ||     8
Block: Buckler           |       |       |       |    33 |       ||    33
